Map: Odyssey LE

Players

omegabanana

  • Race: Protoss Protoss
  • League: Gold
  • Spawn Location: 5:00

PandaBearMe - Winner!

  • Race: Zerg Zerg
  • League: Master
  • Spawn Location: 11:00

VOD

https://go.twitch.tv/videos/186074637

Description

Time

  • Played on: Oct. 29, 2017, noon
  • Length: 11:06
Show
View Real Time Build Order
Export as new Build Order

omegabanana Protoss 

Build Orders: 1 Gate Expand 

Get SALT Encoding   

  12  0:00  Probe (Chrono Boost)  
  13  0:11  Probe (Chrono Boost)  
  14  0:18  Pylon  
  14  0:22  Probe (Chrono Boost)  
  15  0:36  Probe (Chrono Boost)  
  15  0:39  Gateway  
  16  0:43  Assimilator  
  16  0:47  Probe (Chrono Boost)  
  17  0:58  Probe (Chrono Boost)  
  18  1:08  Probe (Chrono Boost)  
  19  1:20  Nexus  
  19  1:28  Probe (Chrono Boost)  
  20  1:33  Cybernetics Core  
  20  1:38  Probe (Chrono Boost)  
  21  1:41  Assimilator  
  21  1:49  Probe (Chrono Boost)  
  21  1:51  Pylon  
  22  2:00  Probe (Chrono Boost)  
  23  2:10  Warp Gate, Adept (Chrono Boost)  
  23  2:12  Probe  
  26  2:23  Twilight Council  
  26  2:24  Probe  
  27  2:30  Probe  
  27  2:34  Adept (Chrono Boost)  
  27  2:36  Probe  
  31  2:41  Probe  
  32  2:48  Probe (Chrono Boost)  
  33  2:53  Probe (Chrono Boost)  
  33  2:57  Adept  
  36  3:00  Probe (Chrono Boost)  
  36  3:01  Resonating Glaives  
  36  3:04  Probe (Chrono Boost)  
  38  3:11  Gateway, Probe (Chrono Boost)  
  39  3:15  Gateway, Probe (Chrono Boost)  
  40  3:21  Probe (Chrono Boost)  
  40  3:25  Assimilator  
  40  3:26  Probe (Chrono Boost)  
  42  3:28  Assimilator  
  42  3:30  Adept  
  42  3:33  Pylon  
  44  3:38  Probe x2 (Chrono Boost)  
  46  3:43  Pylon  
  46  3:52  Mothership Core (Chrono Boost), Probe (Chrono Boost)  
  49  4:02  Probe (Chrono Boost)  
  50  4:08  Stargate  
  50  4:09  Stargate  
  50  4:10  Probe (Chrono Boost)  
  50  4:14  Adept  
  50  4:15  Adept x2  
  57  4:20  Pylon  
  57  4:24  Pylon  
  57  4:25  Probe (Chrono Boost)  
  57  4:26  Probe (Chrono Boost)  
  59  4:36  Probe (Chrono Boost)  
  59  4:37  Probe (Chrono Boost)  
  61  4:51  Nexus  
  61  4:53  Pylon  
  61  4:57  Phoenix (Chrono Boost)  
  61  4:58  Oracle (Chrono Boost)  
  66  5:04  Probe  
  66  5:05  Probe  
  68  5:16  Probe  
  68  5:19  Oracle (Chrono Boost)  
  72  5:23  Probe  
  72  5:27  Pylon  
  73  5:28  Probe  
  73  5:30  Oracle (Chrono Boost)  
  77  5:36  Probe  
  78  5:47  Probe  
  78  5:49  Probe  
  80  5:50  Gateway, Oracle (Chrono Boost)  
  80  5:51  Gateway  
  80  5:55  Adept, Gateway  
  85  6:01  Oracle (Chrono Boost)  
  85  6:03  Gateway, Probe  
  90  6:04  Gateway, Probe  
  90  6:07  Probe  
  90  6:10  Pylon  
  91  6:20  Adept x2  
  91  6:21  Adept  
  91  6:24  Oracle (Chrono Boost)  
  91  6:25  Probe  
  100  6:26  Probe x2  
  100  6:32  Oracle (Chrono Boost)  
  106  6:34  Pylon  
  106  6:35  Pylon  
  106  6:53  Pylon x2  
  105  6:55  Oracle (Chrono Boost)  
  105  6:56  Probe x2  
  110  7:02  Probe  
  110  7:04  Adept x2  
  110  7:05  Adept  
  110  7:08  Probe  
  115  7:10  Oracle (Chrono Boost)  
  118  7:20  Adept  
  118  7:21  Adept x4  
  128  7:28  Oracle (Chrono Boost)  
  128  7:29  Adept  
  133  7:30  Adept x2  
  131  7:41  Pylon  
  131  7:43  Pylon  
  134  7:46  Adept x3  
  134  7:50  Pylon  
  140  7:51  Pylon  
  140  8:03  Phoenix x2 (Chrono Boost)  
  139  8:06  Stalker x6  
  143  8:26  Phoenix x2 (Chrono Boost)  
  127  8:32  Probe x2  
  127  8:34  Assimilator  
  108  8:35  Assimilator  
  108  8:39  Forge  
  108  8:48  Zealot  
  107  8:49  Zealot x7  
  120  8:59  Probe  
  120  9:00  Probe x2  
  123  9:03  Phoenix x2 (Chrono Boost)  
  127  9:14  Probe  
  127  9:15  Probe  
  127  9:16  Probe  
  128  9:18  Charge  
  118  9:25  Probe  
  118  9:28  Probe  
  124  9:38  Oracle x2 (Chrono Boost)  
  120  9:46  Zealot x6  
  100  9:54  Zealot x2  
  99  10:04  Probe  
  99  10:05  Probe x2  
  90  10:09  Oracle (Chrono Boost)  
  90  10:12  Zealot  
  90  10:13  Zealot x4  
  86  10:15  Probe  
  86  10:17  Probe  
  86  10:18  Probe  
  78  10:22  Oracle (Chrono Boost)  
  78  10:25  Probe  
  82  10:29  Probe  
  82  10:30  Probe  
  82  10:36  Probe  
  82  10:40  Zealot x3  
  85  10:44  Zealot  
Show
View Real Time Build Order
Export as new Build Order

PandaBearMe Zerg - Winner!

Build Orders: Hatch First, Muta Ling Bane 

Get SALT Encoding   

  12  0:01  Drone  
  13  0:12  Overlord  
  13  0:16  Drone  
  14  0:31  Drone x2  
  16  0:48  Hatchery  
  15  0:51  Drone  
  15  0:55  Drone  
  17  0:58  Drone  
  17  1:02  Extractor  
  17  1:14  Spawning Pool  
  17  1:17  Drone  
  17  1:20  Drone  
  18  1:28  Drone  
  19  1:38  Drone  
  20  1:50  Overlord  
  20  2:00  Queen  
  20  2:01  Queen  
  24  2:02  Zergling x2  
  24  2:05  Metabolic Boost  
  24  2:08  Drone  
  26  2:12  Drone  
  26  2:14  Drone  
  28  2:22  Drone x2  
  30  2:38  Hatchery  
  30  2:43  Zergling x2  
  30  2:48  Drone x3  
  33  2:53  Overlord  
  33  2:58  Drone  
  34  3:00  Pneumatized Carapace  
  34  3:10  Drone x2  
  36  3:15  Drone x5  
  41  3:24  Queen  
  43  3:28  Overlord  
  43  3:35  Drone  
  44  3:44  Overlord  
  44  3:47  Drone x6  
  50  3:55  Evolution Chamber  
  49  3:56  Extractor, Drone x3  
  49  3:57  Baneling Nest  
  49  3:59  Queen  
  52  4:05  Drone x2  
  52  4:08  Zergling x2  
  52  4:09  Zergling x2  
  57  4:17  Drone x4  
  57  4:20  Zergling x2  
  57  4:22  Zergling x2  
  62  4:25  Zergling x4, Zerg Melee Weapons Level 1  
  64  4:32  Overlord  
  64  4:33  Zergling x4  
  66  4:41  Baneling x3  
  66  4:42  Baneling x2  
  66  4:51  Overlord  
  66  4:57  Lair  
  66  4:58  Overlord, Drone x5  
  66  4:59  Drone x4  
  74  5:00  Extractor  
  74  5:01  Extractor  
  74  5:02  Overlord  
  74  5:05  Drone  
  73  5:08  Zergling x2  
  73  5:11  Zergling x4  
  75  5:14  Zergling x2, Spore Crawler x2  
  75  5:15  Zergling x2  
  75  5:16  Zergling x4  
  75  5:17  Zergling x2  
  77  5:24  Spore Crawler, Queen x2  
  80  5:29  Zergling x2  
  80  5:30  Zergling x6  
  84  5:37  Spore Crawler  
  84  5:39  Drone x2  
  84  5:41  Drone  
  84  5:42  Drone x3  
  89  5:45  Overlord  
  89  5:50  Extractor, Spore Crawler  
  89  5:52  Drone x2  
  89  5:53  Extractor, Spore Crawler  
  89  5:54  Overlord  
  87  6:00  Burrow, Queen  
  87  6:01  Spire  
  88  6:06  Drone x2  
  88  6:07  Drone x4  
  88  6:08  Drone  
  88  6:10  Drone  
  96  6:18  Drone x2  
  98  6:20  Hatchery  
  97  6:28  Centrifical Hooks, Zerg Melee Weapons Level 2  
  97  6:31  Drone  
  98  6:34  Overlord x2  
  98  6:40  Overlord  
  98  6:42  Overlord  
  98  6:51  Hydralisk Den  
  95  6:54  Drone  
  95  6:56  Drone x2  
  97  7:14  Baneling x3  
  95  7:16  Mutalisk x9  
  113  7:23  Overlord, Muscular Augments  
  113  7:26  Overlord  
  113  7:34  Overlord  
  113  7:36  Overlord  
  111  7:38  Drone  
  111  7:42  Zergling x14  
  119  7:45  Zergling x2  
  119  7:46  Baneling  
  119  7:47  Baneling x5  
  119  7:48  Zerg Flyer Weapons Level 1  
  119  7:49  Spore Crawler  
  119  7:51  Zergling x18  
  125  7:54  Spore Crawler  
  127  8:03  Baneling  
  127  8:04  Zergling x16, Baneling x6  
  135  8:10  Zergling x2  
  136  8:18  Zergling x6  
  134  8:25  Hydralisk  
  123  8:27  Zergling x2  
  123  8:28  Zergling x16  
  125  8:41  Drone x6  
  120  8:44  Drone  
  108  9:03  Zerg Missile Weapons Level 1  
  108  9:07  Mutalisk x10  
  128  9:11  Extractor  
  128  9:12  Drone x3  
  128  9:15  Baneling x6  
  130  9:23  Overlord  
  130  9:24  Hydralisk x2  
  130  9:25  Zergling x18  
  130  9:26  Queen  
  141  9:37  Overlord, Hydralisk  
  133  9:39  Hydralisk  
  127  9:48  Hydralisk x6  
  127  9:49  Overlord  
  129  9:55  Zergling x4  
  129  9:56  Overlord  
  125  10:01  Spore Crawler x2  
  125  10:03  Hydralisk x2  
  120  10:13  Hydralisk x3  
  126  10:20  Hydralisk  
  126  10:21  Hydralisk x2  
  123  10:37  Hydralisk x5  
  123  10:39  Zergling x4  
  127  10:44  Zergling x6  
  127  10:46  Zergling x4  
Tags
 
Add a new tag
Caveats
  • Supply blocks, unpowered buildings, or Contaminate may cause inaccurate times.
  • Supply counts are checked every 10 seconds.